 Dungeon Crawl Stone Soup version 0.26-a0-259-g1effd001a9 (webtiles) character file.

Game seed: 818785652892885437

12 vurker the Sneak (level 2, 13/23 HPs)
             Began as a Demonspawn Brigand on July 17, 2020.
             Quit the game on level 1 of the Dungeon.
             The game lasted 00:00:54 (834 turns).

vurker the Sneak (Demonspawn Brigand)                Turns: 834, Time: 00:00:55

Health: 13/23      AC:  3    Str: 11    XL:     2   Next: 20%
Magic:  2/2        EV: 11    Int: 12    God:
Gold:   6          SH:  0    Dex: 14    Spells: 1/1 levels left

rFire    . . .     SeeInvis .   a - +2 dagger
rCold    . . .     Faith    .   (no shield)
rNeg     . . .     Spirit   .   b - +0 robe
rPois    .         Reflect  .   (no helmet)
rElec    .         Harm     .   c - +0 cloak
rCorr    .                      (no gloves)
MR       .....                  (no boots)
Stlth    +++.......             (no amulet)
HPRegen  0.07/turn              (no ring)
MPRegen  0.08/turn              (no ring)

@: no status effects
A: nightstalker 1
a: no special abilities


You were on level 1 of the Dungeon.
You were not hungry.

You visited 1 branch of the dungeon, and saw 1 of its levels.

You collected 6 gold pieces.

Inventory:

Hand Weapons
 a - a +2 dagger (weapon)
Missiles
 d - 8 poisoned darts (quivered)
 f - 2 curare-tipped darts
Armour
 b - a +0 robe (worn)
 c - a +0 cloak (worn)
Scrolls
 h - a scroll of identify {unknown}
 i - a scroll of magic mapping {unknown}
Potions
 g - a potion of curing {unknown}
Comestibles
 e - 2 rations


   Skills:
 + Level 2.4 Fighting
 - Level 1.7 Short Blades
 + Level 2.2 Throwing
 - Level 0.8 Dodging
 - Level 3.6 Stealth


You had one spell level left.
You didn't know any spells.
Your spell library was empty.

Dungeon Overview and Level Annotations

Branches:
Dungeon (1/15)

Altars:


Innate Abilities, Weirdness & Mutations

You are slightly more attuned to the shadows.


Message History

i - a scroll labeled TAXEYPPOPNY A dart slug comes into view.
A dart slug is nearby!
A dart slug is nearby!
A dart slug is nearby!
A kobold comes into view. It is wielding a +0 dagger.
The kobold shouts!
You hit the dart slug. You hit the dart slug. The dart slug barely misses you.
The kobold closely misses you.
You barely miss the dart slug. The kobold completely misses you.
You hit the dart slug.
You kill the dart slug!
Your Throwing skill increases to level 2!
The kobold hits you with a +0 dagger.
You closely miss the kobold. The kobold hits you with a +0 dagger.
You hit the kobold. You hit the kobold but do no damage.
The kobold closely misses you.
You miss the kobold. The kobold hits you with a +0 dagger.
* * * LOW HITPOINT WARNING * * *
You closely miss the kobold. The kobold closely misses you.
You closely miss the kobold. The kobold hits you with a +0 dagger.
* * * LOW HITPOINT WARNING * * *
You hit the kobold but do no damage. The kobold hits you but does no damage.
You barely miss the kobold. The kobold closely misses you.
You hit the kobold. The kobold hits you with a +0 dagger.
* * * LOW HITPOINT WARNING * * *
You hit the kobold.
You kill the kobold!
Things that are here:
a +0 dagger; a kobold corpse
Found a hand axe.
An ooze comes into view.
An ooze is nearby!
An ooze is nearby!
The ooze quivers.
The ooze closely misses you.
You completely miss the ooze. The ooze hits you.
You hit the ooze. The ooze misses you.
You barely miss the ooze. The ooze hits you but does no damage.
You hit the ooze. The ooze hits you.
You barely miss the ooze. The ooze hits you but does no damage.
You hit the ooze. The ooze hits you.
You barely miss the ooze. The ooze hits you but does no damage.
You hit the ooze. The ooze closely misses you.
You hit the ooze.
You kill the ooze!
You have reached level 2!
Your demonic ancestry asserts itself...
You slip into the darkness of the dungeon.

.. .......... #..
#.####.## #..#
.#.....).. #.).
........## #.#...
.#........ ....##
#.#....##
#..######.#.#.....#
#.........#........
#.@#############'##
#..##..............
#..#............<..
#..#.....#####.....
#..#....##...##...#
#..#...##..8..##+##
#..#..##...........
#..#.##............
#..................


There were no monsters in sight!

Vanquished Creatures
  An ooze (D:1)
  A dart slug (D:1)
  A hobgoblin (D:1)
  2 kobolds (D:1)
  A rat (D:1)
6 creatures vanquished.

Notes
Turn   | Place    | Note
-------+----------+-------------------------------------------
     0 | D:1      | vurker the Demonspawn Brigand began the quest for the Orb.
     0 | D:1      | Reached XP level 1. HP: 16/16 MP: 1/1
   828 | D:1      | Gained mutation: You are slightly more attuned to the
                  | shadows. [demonic ancestry]
   828 | D:1      | Reached XP level 2. HP: 13/23 MP: 2/2
   834 | D:1      | Quit the game

Illustrated notes

Levels and vault maps discovered:
D:1:      giann_horns, layout_basic, st_stairs_3

Skill      XL: |  1 |
---------------+----+-----
Throwing       | 2 |  2.2
Fighting       | |  2.4
Short Blades   | |  1.7
Dodging        | |  0.8
Stealth        | |  3.6

Action                   || total
-------------------------++-------
Melee: Dagger            ||    43
Throw: Dart              ||     1
Armor: Robe              ||     6
Dodge: Dodged            ||    15

Table legend:
 A = Non-vault XP
 B = Vault XP
 C = Vault XP percentage of total XP
 D = Non-vault monster count
 E = Vault monster count
 F = Vault count percentage of total count
                 A         B        C        D         E       F
            +---------+---------+-------+---------+---------+-------
      Total |      18 |       0 |   0.0 |       6 |       0 |   0.0
            +---------+---------+-------+---------+---------+-------
        D:1 |      18 |       0 |   0.0 |       6 |       0 |   0.0
            +---------+---------+-------+---------+---------+-------
